 Dungeon Sprint DCSS version 0.29.1-2-gbd0b4ee654 (webtiles) character file.

Game seed: 13089151476776669429

1 Groucho the Vexing (level 1, -1/7 HPs)
             Began as a Felid Enchanter on Nov 20, 2022.
             Was an Initiate of Dithmenos.
             Slain by a jackal (3 damage)
             ... in the Dungeon (Sprint VII: "The Pits").
             The game lasted 00:00:51 (66 turns).

Groucho the Vexing (Felid Enchanter)                  Turns: 66, Time: 00:00:51

Health: -1/7       AC:  1    Str:  4    XL:     1   Next: 16%
Magic:  4/4        EV: 17    Int: 16    God:    Dithmenos [......]
Gold:   0          SH:  0    Dex: 16    Spells: 4/4 levels left
                                        Lives:  0   Deaths: 0

rFire   . . .      SeeInvis +     - Unarmed
rCold   . . .      Faith    .   (shield unavailable)
rNeg    . . .      Spirit   .   (body armour unavailable)
rPois   .          Reflect  .   (helmet unavailable)
rElec   .          Harm     .   (cloak unavailable)
rCorr   .          Rampage  .   (gloves unavailable)
Will    .....      NoTele   +   (boots unavailable)
Stlth   +++.......              (no amulet)
HPRegen 0.02/turn               (no ring)
MPRegen 0.09/turn               (no ring)

@: quick
A: very small, claws 1, fangs 3, see invisible, speed 1, shaggy fur 1, stealthy
paws, no weapons or thrown items, no armour, multi-lived
a: Renounce Religion


You were in the Dungeon.
You worshipped Dithmenos.
Dithmenos was noncommittal.
You visited 1 branch

Inventory:

Scrolls
 g - a scroll of blinking
 h - 5 scrolls of amnesia
 i - a scroll of summoning
Potions
 a - 4 potions of invisibility
 b - a potion of curing
 c - a potion of heal wounds
 d - a potion of haste
 e - 4 potions of magic
 f - 3 potions of berserk rage


   Skills:
 - Level 2.6 Dodging
 * Level 4.6 Stealth
 - Level 1.0 Unarmed Combat
 + Level 2.2 Spellcasting
 + Level 4.6 Hexes


You had 4 spell levels left.
You didn't know any spells.
Your spell library contained the following spells:

 Spells                   Type           Power      Damage    Failure   Level
 Confusing Touch          Hex            16%        N/A       9%          3
 Tukima's Dance           Hex            16%        N/A       9%          3
 Ensorcelled Hibernation  Hex/Ice        18%        N/A       12%         2
 Dazzling Flash           Conj/Hex       18%        N/A       24%         3


Dungeon Overview and Level Annotations

Branches:
Dungeon (1/1)

Altars:
Ashenzari
Cheibriados
Dithmenos
Elyvilon
Fedhas
Gozag
Hepliaklqana
Kikubaaqudgha
Makhleb
Nemelex Xobeh
Okawaru
Qazlal
Ru
Sif Muna
Trog
Uskayaw
Vehumet
Wu Jian
Xom
Yredelemnul
Zin
The Shining One
Jiyva
Lugonu


Innate Abilities, Weirdness & Mutations

You have sharp claws.
You have razor-sharp teeth.
You have supernaturally acute eyesight. (SInv)
You cover ground quickly. (Speed+)
You are covered in fur. (AC +1)
Your paws help you pounce on unaware monsters.
You are incapable of wielding weapons or throwing items.
You cannot wear armour.
You gain extra lives every three experience levels.


Message History

Found three altars.
There is a glowing golden altar of the Shining One here.
There is a glowing silver altar of Zin here.
There is a basalt altar of Yredelemnul here.
There is a shimmering altar of Xom here.
There is a sparkling altar of Nemelex Xobeh here.
There is a shadowy altar of Dithmenos here.
You sit before the altar of Dithmenos.
Dithmenos welcomes you!
Unknown command.
Press < or > to pray at altars.
Unknown command.
Press < or > to pray at altars.
There is a white marble altar of Elyvilon here.
There is a blossoming altar of Fedhas here.
There is an opulent altar of Gozag here.
There is a hazy altar of Hepliaklqana here.
There is a viscous altar of Jiyva here.
There is a bloodstained altar of Trog here.
There is an open door to the Temple (Safe) here.
You open the door. 3 jackals come into view.
The jackal barks! x3; You hear an angry hiss.
A jackal comes into view.
You barely miss the jackal.
The jackal barks!
Your bite misses the jackal. The jackal closely misses you.
A frilled lizard comes into view.
You barely miss the jackal. You barely miss the jackal.
Your bite misses the jackal.
The jackal bites you but does no damage.
You scratch the jackal.
The jackal is severely wounded.
The jackal bites you. x3
* * * LOW HITPOINT WARNING * * *
The jackal attacks as you move away! The jackal closely misses you.
Unknown command.
You scratch the jackal but do no damage.
The jackal bites you.
You die...

############
#_________.#
#_________.#
#_______...###########++
##########'##...........
#.?(.')))'.##......#..#
##########.##..........
......hh@..'...........
+#####h#####......#..#.
#.. #........... #..
####'#####+ ###
#.......# #.......#
#.......# #...<...#
#.......#


You could see 3 jackals.

Vanquished Creatures
  A bat (D)
1 creature vanquished.

Notes
Turn   | Place    | Note
-------+----------+-------------------------------------------
     0 | D        | Groucho the Felid Enchanter began the quest for the Orb.
     0 | D        | Reached XP level 1. HP: 7/7 MP: 4/4
    34 | D        | Found a bloodstained altar of Trog.
    34 | D        | Found a shimmering blue altar of Sif Muna.
    34 | D        | Found a viscous altar of Jiyva.
    34 | D        | Found a hazy altar of Hepliaklqana.
    34 | D        | Found an opulent altar of Gozag.
    35 | D        | Found a glowing golden altar of the Shining One.
    35 | D        | Found a glowing silver altar of Zin.
    35 | D        | Found a basalt altar of Yredelemnul.
    35 | D        | Found a shimmering altar of Xom.
    35 | D        | Found an ornate altar of the Wu Jian Council.
    35 | D        | Found a sacrificial altar of Ru.
    35 | D        | Found a stormy altar of Qazlal.
    35 | D        | Found an iron altar of Okawaru.
    35 | D        | Found a sparkling altar of Nemelex Xobeh.
    35 | D        | Found a burning altar of Makhleb.
    35 | D        | Found a blossoming altar of Fedhas.
    35 | D        | Found a white marble altar of Elyvilon.
    35 | D        | Found a shadowy altar of Dithmenos.
    35 | D        | Found a snail-covered altar of Cheibriados.
    37 | D        | Found a radiant altar of Vehumet.
    37 | D        | Found a corrupted altar of Lugonu.
    38 | D        | Found a hide-covered altar of Uskayaw.
    38 | D        | Found an ancient bone altar of Kikubaaqudgha.
    38 | D        | Found a broken altar of Ashenzari.
    45 | D        | Became a worshipper of Dithmenos the Shadowed
    66 | D        | Slain by a jackal

Illustrated notes

Levels and vault maps discovered:
D:        pitsprint [storerooms_1, entrance_room_1, metal_vault_6, armoury_2,
          mini_pit_1, grid_room_1, main_hall_1, silver_pit, the_coven_2,
          the_vestibule_1, steel_vault_2, golden_pit, hallway_of_sentries,
          crystal_vault_2, iron_vault_1, final_vault]

Action                   || total
-------------------------++-------
Melee: Unarmed           ||     7
       Bite              ||     1
Armor: Skin              ||     1
Dodge: Dodged            ||     5
